 Dungeon Crawl Stone Soup version 0.31-a0-152-g6aa68a64a1 (webtiles) character file.

Game seed: 2967830748312715194

56 qw the Shooter (level 3, -2/22 HPs)
             Began as a Gargoyle Hunter on June 10, 2023.
             Slain by an orc
             ... wielding a +0 mace
              (4 damage)
             ... on level 3 of the Dungeon.
             The game lasted 00:00:22 (709 turns).

qw the Shooter (Gargoyle Hunter)                     Turns: 709, Time: 00:00:22

Health: -2/22      AC:  8    Str: 14    XL:     3   Next: 95%
Magic:  3/3        EV: 10    Int:  9    God:
Gold:   70         SH:  0    Dex: 15    Spells: 2/2 levels left

rFire   . . .        Y - +3 shortbow
rCold   . . .        (shield currently unavailable)
rNeg    + . .        h - +0 ring mail
rPois   inf          (no helmet)
rElec   +            (no cloak)
rCorr   .            (no gloves)
SInv    .            (no boots)
Will    .....        (no amulet)
Stlth   +            (no ring)
HPRegen 0.23/turn    (no ring)
MPRegen 0.08/turn

%: no passive effects
@: no status effects
A: sickness immunity, AC +3, negative energy resistance 1, electricity
resistance, torment resistance 1, petrification resistance
a: no special abilities


You were on level 3 of the Dungeon.
You visited 1 branch of the dungeon, and saw 4 of its levels.

You collected 70 gold pieces.


Innate Abilities, Weirdness & Mutations

You are immune to sickness and miasma.
Your stone body is resilient. (AC +3)
You are immune to poison.
You resist negative energy. (rN+)
You are resistant to electric shocks. (rElec)
You are resistant to unholy torment.
You are immune to petrification.


   Skills:
 + Level 2.9 Fighting
 - Level 5.0 Ranged Weapons
 - Level 1.0 Armour
 - Level 1.5 Dodging
 - Level 1.1 Stealth


You had 2 spell levels left.
You didn't know any spells.
Your spell library was empty.

Inventory:

Hand Weapons
 Y - a +3 shortbow (weapon)
Armour
 h - a +0 ring mail (worn)
Scrolls
 g - a scroll of identify
Potions
 a - 2 potions of curing {unknown}
 b - a potion of mutation {unknown}
 d - a potion of cancellation {unknown}
 e - a potion of ambrosia {unknown}
 i - a potion of resistance {unknown}

Dungeon Overview and Level Annotations

Branches:
Dungeon (4/15)
 Temple: D:4-7

Altars:


Message History

You shoot an arrow. The arrow barely misses the orc.
The orc shouts!
The orc barely misses you.
You shoot an arrow. The arrow hits the orc.
The orc is lightly wounded.
The orc closely misses you.
You shoot an arrow. The arrow closely misses the orc.
The orc hits you but does no damage.
You shoot an arrow. The arrow barely misses the orc.
The orc hits you but does no damage.
You shoot an arrow.
The arrow hits the orc but does no damage.
The orc is lightly wounded.
The orc closely misses you.
You shoot an arrow. The arrow hits the orc.
The orc is heavily wounded.
The orc hits you but does no damage. The orc hits you with a +0 mace.
You shoot an arrow.
The arrow hits the orc but does no damage.
The orc is heavily wounded.
The orc hits you with a +0 mace. The orc hits you but does no damage.
You shoot an arrow. The arrow barely misses the orc.
The orc barely misses you. The orc hits you with a +0 whip.
You shoot an arrow. The arrow hits the orc.
The orc is heavily wounded.
The orc barely misses you. The orc hits you but does no damage.
The orc hits you with a +0 mace. The orc barely misses you.
You shoot an arrow. The arrow barely misses the orc.
The orc closely misses you. The orc hits you with a +0 mace.
You shoot an arrow. The arrow hits the orc!
You kill the orc!
The orc closely misses you.
You shoot an arrow. The arrow hits the orc.
The orc is severely wounded.
The orc barely misses you. The orc hits you but does no damage.
You shoot an arrow. The arrow closely misses the orc.
The orc hits you with a +0 mace.
You shoot an arrow. The arrow closely misses the orc.
The orc hits you with a +0 mace.
You die...

#.# .# .##.....#.#
.# .......#.# ..
#......#)# )#
#......#.# .#
#..#.#.#.# .#
#.....#.######o#
#.)..#......@)#
#######..)#########
.......%%>......#
......#########.#
......# ......#
..###.# .. #... .
#####


You could see an orc.

Vanquished Creatures
  2 adders (D:3)
  4 orcs (D:3)
  A bat (D:1)
  5 endoplasms
  4 goblins
  3 hobgoblins
  2 kobolds (D:1)
  A quokka (D:1)
  5 ball pythons
  2 frilled lizards
  2 rats
31 creatures vanquished.

Notes
Turn   | Place    | Note
-------+----------+-------------------------------------------
     0 | D:1      | qw the Gargoyle Hunter began the quest for the Orb.
     0 | D:1      | Reached XP level 1. HP: 12/12 MP: 1/1
     0 | D:1      | 0 ||| qw: Version: 0.2-a-123-gb51047a
     0 | D:1      | 0 ||| qw: Game counter: 3699
     0 | D:1      | 0 ||| qw: Always use a shield: true
     0 | D:1      | 0 ||| qw: God list: Okawaru
     0 | D:1      | 0 ||| qw: Allow faded altars: false
     0 | D:1      | 0 ||| qw: Do Orc after D:15 true
     0 | D:1      | 0 ||| qw: Do second Lair branch before Depths: true
     0 | D:1      | 0 ||| qw: Lair rune preference: random
     0 | D:1      | 0 ||| qw: Plans: Normal, Zot:1-4, Slime:5, God:TSO, Crypt,
                  | Tomb, Abyss, Pan, Hells, Win
     0 | D:1      | 0 ||| PLANNING D:1-11
   122 | D:1      | Reached XP level 2. HP: 17/17 MP: 2/2
   205 | D:1      | Found a faded altar of an unknown god.
   468 | D:1      | 468 ||| UPGRADING to +0 ring mail.
   478 | D:1      | 478 ||| DROPPING +0 leather armour.
   479 | D:1      | 479 ||| READING 3 scrolls labelled GEIMYO FUOKK.
   480 | D:1      | 480 ||| READING 2 scrolls of enchant weapon.
   480 | D:1      | 480 ||| ENCHANTING +1 shortbow.
   481 | D:1      | 481 ||| READING scroll of enchant weapon.
   481 | D:1      | 481 ||| ENCHANTING +2 shortbow.
   482 | D:1      | 482 ||| READING 2 scrolls labelled ZUAN YCOKH.
   483 | D:1      | 483 ||| DROPPING scroll of butterflies.
   623 | D:2      | Reached skill level 1 in Armour
   630 | D:2      | Reached XP level 3. HP: 21/21 MP: 3/3
   630 | D:2      | You fall into a shaft and drop 2 floors!
   650 | D:3      | Reached skill level 5 in Ranged Weapons
   704 | D:3      | HP: 5/22 [orc/+0 mace (5)]
   708 | D:3      | HP: 1/22 [orc/+0 mace (4)]
   709 | D:3      | Slain by an orc

Levels and vault maps discovered:
D:1:      wander_arrival_fairy_ring, layout_rooms, shapermc_ecumenical_altar_gd,
          grunt_decor_arrowhead, hangedman_decor_push, minmay_misc_feat_room
D:2:      layout_basic, minmay_worlds_worst_comb
D:3:      layout_basic, trog_hazing_becter, tgw_fedhas,
          gammafunk_ghost_abyssal_escape, uniq_ijyb
D:4:      layout_rooms, dancing_weapons_uskayaw, dreamdust_gnoll_farm

Skill      XL: |  1  2  3 |
---------------+----------+-----
Armour         | 1 |  1.0
Ranged Weapons | 5 |  5.0
Fighting       | |  2.9
Dodging        | |  1.5
Stealth        | |  1.1

Action                     || total
---------------------------++-------
   Fire: Shortbow          ||    87
    Use: Scroll            ||     4
 Armour: Leather armour    ||     2
         Ring mail         ||    18
  Dodge: Dodged            ||    27

Table legend:
 A = Non-vault XP
 B = Vault XP
 C = Vault XP percentage of total XP
 D = Non-vault monster count
 E = Vault monster count
 F = Vault count percentage of total count
                 A         B        C        D         E       F
            +---------+---------+-------+---------+---------+-------
      Total |      80 |       0 |   0.0 |      31 |       0 |   0.0
            +---------+---------+-------+---------+---------+-------
        D:1 |      23 |       0 |   0.0 |      14 |       0 |   0.0
        D:2 |      11 |       0 |   0.0 |       7 |       0 |   0.0
        D:3 |      46 |       0 |   0.0 |      10 |       0 |   0.0
            +---------+---------+-------+---------+---------+-------
